 Dungeon Crawl Stone Soup version 0.28-a0-722-gc0678643b6 (webtiles) character file.

Game seed: 6089390509470408619

79 Lekart the Vexing (level 4, -7/36 HPs)
             Began as a Draconian Arcane Marksman on Oct 24, 2021.
             Was a Believer of Cheibriados.
             Mangled by Crazy Yiuf (15 damage)
             ... on level 2 of the Dungeon.
             The game lasted 00:02:13 (1414 turns).

Lekart the Vexing (Draconian Arcane Marksman)       Turns: 1414, Time: 00:02:14

Health: -7/36      AC:  5    Str: 17    XL:     4   Next: 17%
Magic:  4/6        EV: 12    Int: 18    God:    Cheibriados [**....]
Gold:   97         SH:  0    Dex: 18    Spells: 4/6 levels left

rFire   . . .      SeeInvis .   a - +0 hand crossbow
rCold   . . .      Faith    .   (no shield)
rNeg    . . .      Spirit   .   (armour unavailable)
rPois   .          Reflect  .   (helmet restricted)
rElec   .          Harm     .   (no cloak)
rCorr   .          Rampage  .   (no gloves)
Will    .....                   (no boots)
Stlth   ++........              (no amulet)
HPRegen 0.12/turn               (no ring)
MPRegen 0.10/turn               (no ring)

@: lethally poisoned (-7 -> -12), very slightly contaminated, invisible
(expiring), very slow
A: AC +5, unfitting armour, cold-blooded
a: Renounce Religion, Bend Time


You were on level 2 of the Dungeon.
You worshipped Cheibriados.
Cheibriados was pleased with you.
You visited 1 branch of the dungeon, and saw 2 of its levels.

You collected 97 gold pieces.

Inventory:

Hand Weapons
 a - a +0 hand crossbow (weapon)
Missiles
 c - 6 bolts (quivered ammo)
Scrolls
 e - a scroll of teleportation {unknown}
 f - 2 scrolls of enchant weapon {unknown}
 g - a scroll of amnesia {unknown}
 i - a scroll of blinking {unknown}
 j - a scroll of identify {unknown}
Potions
 b - a potion of mutation {unknown}
 d - a potion of heal wounds {unknown}
 h - a potion of cancellation {unknown}


   Skills:
 + Level 1.9 Fighting
 + Level 2.6 Crossbows
 + Level 1.8 Dodging
 + Level 0.1 Stealth
 * Level 1.9 Spellcasting
 * Level 3.3 Hexes


You had 4 spell levels left.
You knew the following spells:

 Your Spells              Type           Power      Damage    Failure   Level
a - Slow                  Hex            13%        N/A       7%          2

Your spell library contained the following spells:

 Spells                   Type           Power      Damage    Failure   Level
 Pain                     Necr           4%         1d4       19%         1
 Inner Flame              Hex/Fire       7%         N/A       28%         3
 Portal Projectile        Hex/Tloc       14%        N/A       28%         3
 Cause Fear               Hex            6%         N/A       43%         4
 Agony                    Necr           1%         N/A       99%         5
 Excruciating Wounds      Necr           0%         N/A       99%         5


Dungeon Overview and Level Annotations

Branches:
Dungeon (2/15)

Altars:
Cheibriados
Uskayaw

Annotations:
D:2 Crazy Yiuf


Innate Abilities, Weirdness & Mutations

Your plain brown scales are hard. (AC +5)
You cannot fit into any form of body armour.
You are cold-blooded and may be slowed by cold attacks.


Message History

Found an escape hatch in the ceiling.
No target in view!
You see here a +0 quarterstaff.
Key pressed, stopping explore.
No target in view!
Crazy Yiuf shouts!
No reachable target in view!
Could not explore, unopened runed door.
No reachable target in view!
Could not explore, unopened runed door.
No reachable target in view!
Could not explore, unopened runed door.
No reachable target in view!
You open the door.
Crazy Yiuf whimpers, "Shower mobile stair!"
The flow of time bends around you.
Cheibriados rebukes Crazy Yiuf.
Crazy Yiuf seems to slow down.
Crazy Yiuf hits you with a +3 quarterstaff of chaos!
Unknown command.
You shoot a bolt. The bolt closely misses Crazy Yiuf.
Crazy Yiuf hits you with a +3 quarterstaff of chaos!
You fade into invisibility!
You are very lightly contaminated with residual magic.
You shoot a bolt. The bolt hits Crazy Yiuf.
Crazy Yiuf is lightly wounded.
Crazy Yiuf screams, "Action!"
Crazy Yiuf hits you with a +3 quarterstaff of chaos.
Crazy Yiuf burns you.
You are too injured to fight recklessly!
You are too injured to fight recklessly!
You are too injured to fight recklessly!
Crazy Yiuf is no longer moving slowly.
You flicker for a moment.
Crazy Yiuf hits you with a +3 quarterstaff of chaos.
You are poisoned.
You feel sick.
You feel sick.
Crazy Yiuf hits you with a +3 quarterstaff of chaos!
You die...

#### ##(# #..†.........
...# #.## ######....#[#
##.# ##.# ####.#.#
##.######## ##.## #.#..
..........# ##.P.# #.#.#
##.######## #P.PP# ##.#.#
...# #....# #..... ...#
#..g.# #...## #### #..@.#
#...# .# ##..## #...# .#
####### ##.##### #...# .##
#.....###...##.#######...##
#<##
#.....##....)..............
.#.#
#.................<........
#.##
#.....##...................
.##
#.....#........#.#####...##
##
#######.##..#.##.####.....#


You could see Crazy Yiuf.

Vanquished Creatures
  Terence (D:2)
  An adder (D:2)
  2 worms (D:2)
  3 ball pythons
  8 bats
  6 endoplasms
  A giant cockroach (D:2)
  3 hobgoblins (D:2)
  2 kobolds (D:1)
  2 frilled lizards (D:2)
  5 goblins
  4 rats
38 creatures vanquished.

Notes
Turn   | Place    | Note
-------+----------+-------------------------------------------
     0 | D:1      | Lekart the Draconian Arcane Marksman began the quest for
                  | the Orb.
     0 | D:1      | Reached XP level 1. HP: 16/16 MP: 2/2
   138 | D:1      | Found a faded altar of an unknown god.
   195 | D:1      | Prayed at the altar of an unknown god.
   195 | D:1      | Became a worshipper of Cheibriados the Contemplative
   195 | D:1      | Reached * piety under Cheibriados
   214 | D:1      | Reached XP level 2. HP: 23/23 MP: 4/4
   249 | D:1      | Reached skill level 3 in Hexes
   571 | D:2      | Reached XP level 3. HP: 28/28 MP: 5/5
   574 | D:2      | Learned a level 2 spell: Slow
   665 | D:2      | Reached ** piety under Cheibriados
   739 | D:2      | Found a hide-covered altar of Uskayaw.
   940 | D:2      | Noticed Terence
   950 | D:2      | Killed Terence
   951 | D:2      | Reached XP level 4. HP: 30/36 MP: 6/6
  1107 | D:2      | Found a runed translucent door.
  1108 | D:2      | Noticed Crazy Yiuf
  1414 | D:2      | Mangled by Crazy Yiuf

Illustrated notes

Levels and vault maps discovered:
D:1:      minmay_arrival_cross, layout_rooms, basic_ecumenical_altar,
          minivault_19
D:2:      layout_loops_cross, basic_altar, minmay_misc_feat_ornament,
          uniq_terence, uniq_crazy_yiuf_cottage

Skill      XL: |  1  2 |
---------------+-------+-----
Hexes          | 3 |  3.3
Crossbows      | 2 |  2.6
Fighting       | |  1.9
Dodging        | |  1.8
Stealth        | |  0.1
Spellcasting   | |  1.9

Action                   |  1- 3 |  4- 6 || total
-------------------------+-------+-------++-------
Melee: Unarmed           |     8 |       ||     8
       Tailslap          |     2 |       ||     2
 Fire: Hand crossbow     |    83 |    14 ||    97
 Cast: Slow              |     3 |       ||     3
Invok: Bend Time         |       |     1 ||     1
Armor: Skin              |    12 |     1 ||    13
Dodge: Dodged            |    32 |     3 ||    35

Table legend: (Time is in decaauts)
 A = Elapsed time spent in this place.
 B = Non-inter-level travel time spent in this place.
 C = Inter-level travel time spent in this place.
 D = Time resting spent in this place.
 E = Time spent auto-exploring this place.
 F = Levels seen in this place.
 G = Mean time per level.
                   A        B        C        D        E       F      G
               +--------+--------+--------+--------+--------+-----+--------+
         Total |   1886 |   1881 |      5 |      0 |   1585 |   2 |  943.0 |
       Dungeon |   1886 |   1881 |      5 |      0 |   1585 |   2 |  943.0 |
               +--------+--------+--------+--------+--------+-----+--------+

Top non-repeatable levels by time:
     D:2: 1202 daAuts
     D:1: 683 daAuts
